 Dungeon Crawl Stone Soup version 0.17.1-2-g5865329 (webtiles) character file.

4 ololoev the Magician (level 1, 0/10 HPs)
             Began as a Deep Elf Fire Elementalist on Jan 21, 2016.
             Slain by a bat (1 damage)
             ... on level 1 of the Dungeon.
             The game lasted 00:00:37 (86 turns).

ololoev the Magician (Deep Elf Fire Elementalist)     Turns: 86, Time: 00:00:37

Health: 0/10       AC:  2    Str:  5    XL:     1   Next: 58%
Magic:  2/6        EV: 13    Int: 19    God:
Gold:   0          SH:  0    Dex: 15    Spells: 1 memorised, 5 levels left

rFire  . . .     SeeInvis .     (no weapon)
rCold  . . .     Clarity  .     a - +0 robe
rNeg   . . .     SustAt   .     (no shield)
rPois  .         Gourm    .     (no helmet)
rElec  .         Spirit   .     (no cloak)
rCorr  .         Warding  .     (no gloves)
rMut   .         Stasis   .     (no boots)
MR     .....                    (no amulet)
Stlth  ++........               (no ring)
                                (no ring)

@: not resistant to hostile enchantments, unstealthy
A: no striking features
a: no special abilities

Inventory:

Armour
 a - a +0 robe (worn)
Scrolls
 d - a scroll of immolation {unknown}
Potions
 e - a potion of might {unknown}
Books
 b - a book of Flames

   Spells                             Type                      Level
   a - Flame Tongue                   Conjuration/Fire             1
   b - Throw Flame                    Conjuration/Fire             2
   c - Conjure Flame                  Conjuration/Fire             3
   d - Inner Flame                    Hexes/Fire                   3
   e - Sticky Flame                   Conjuration/Fire             4
   f - Fireball                       Conjuration/Fire             5
Comestibles
 c - a bread ration


   Skills:
 - Level 2.4 Dodging
 - Level 2.4 Stealth
 + Level 3.3 Spellcasting
 * Level 1.3 Conjurations
 + Level 3.3 Fire Magic


You had 5 spell levels left.
You knew the following spells:

 Your Spells              Type           Power        Failure   Level  Hunger
a - Flame Tongue          Conj/Fire      ##...        8%          1    None


You were on level 1 of the Dungeon.
You were not hungry.

You visited 1 branch of the dungeon, and saw 1 of its levels.

#####.######.. .....
#..........#.# ......
#..≈≈≈≈..8.#.##......
#..........#.........
#.##########.K.=.....
#.# #.#....... #.#
#g#gb...). #.#
#b#....... #.#
#@###.K...
#.##########...#!....
#............#.# ###.
######.#####.#.# #.#
#....### #.# #......#
# #.# #.####.###.#
#.# #. ..#.....#.#
#.# ## #.#.......#

Notes
Turn   | Place    | Note
--------------------------------------------------------------
     0 | D:1      | ololoev the Deep Elf Fire Elementalist began the quest for the Orb.
     0 | D:1      | Reached XP level 1. HP: 10/10 MP: 6/6
    86 | D:1      | Slain by a bat

Dungeon Overview and Level Annotations

Branches:
Dungeon (1/15)

Altars:


Message History

The giant cockroach is heavily wounded.
The giant cockroach barely misses you.
You hit the giant cockroach but do no damage.
The giant cockroach is heavily wounded.
The giant cockroach bites you.
You closely miss the giant cockroach.
The giant cockroach is heavily wounded.
The giant cockroach bites you.
You completely miss the giant cockroach.
The giant cockroach is heavily wounded.
The giant cockroach barely misses you. x2
Casting: Flame Tongue
Confirm with . or Enter, or press ? or * to list all spells.
Aiming: Flame Tongue
Press: ? - help, Shift-Dir - straight line, f/p - giant cockroach
Aim: a giant cockroach (heavily wounded)
The flame tongue hits the giant cockroach.
You kill the giant cockroach!
e - a coppery potion You see here a giant cockroach corpse.
You see here a hobgoblin corpse.
There is an open door here.
Found a stone staircase leading down.
Found a golden ring.
A bat, a goblin and a kobold come into view.
The goblin shouts!
The kobold shouts!
The bat closely misses you.
Found a whip and a fizzy blue potion.
There is a stone staircase leading down here.
The bat hits you but does no damage. The bat hits you but does no damage.
The bat closely misses you. The bat closely misses you. The bat hits you.
Casting: Flame Tongue
Confirm with . or Enter, or press ? or * to list all spells.
Aiming: Flame Tongue
Press: ? - help, Shift-Dir - straight line, f - goblin
Aim: a goblin, wielding a dagger The flame tongue misses the bat.
The flame tongue misses the goblin.
The bat hits you.
You die...

You could see a goblin, a bat and a kobold.

Vanquished Creatures
  A giant cockroach (D:1)
  2 hobgoblins (D:1)
  A rat (D:1)
4 creatures vanquished.

Action                   || total
-------------------------++-------
Melee: Unarmed           ||     7
 Cast: Flame Tongue      ||     8
 Stab: Sleeping          ||     1

Vault maps used:
D:1:      dpeg_arrival_rooms_c
